 Dungeon Crawl Stone Soup version 0.28.0-45-g0d030f2227 (webtiles) character file.

Game seed: 8734423131004265786

6 nickcage the Skirmisher (level 1, 0/18 HPs)
             Began as a Demonspawn Abyssal Knight on Apr 13, 2022.
             Was a Follower of Lugonu.
             Slain by a kobold
             ... wielding a +0 short sword
              (4 damage)
             ... on level 1 of the Dungeon.
             The game lasted 00:00:41 (207 turns).

nickcage the Skirmisher (Demonspawn Abyssal Knight)  Turns: 207, Time: 00:00:41

Health: 0/18       AC:  3    Str: 13    XL:     1   Next: 75%
Magic:  2/2        EV:  8    Int: 11    God:    Lugonu [*.....]
Gold:   26         SH:  0    Dex: 13    Spells: 0/0 levels left

rFire   . . .      SeeInvis .   a - +1 mace
rCold   . . .      Faith    .   (no shield)
rNeg    . . .      Spirit   .   b - +0 leather armour
rPois   .          Reflect  .   (no helmet)
rElec   .          Harm     .   (no cloak)
rCorr   .          Rampage  .   (no gloves)
Will    .....                   (no boots)
Stlth   +.........              (no amulet)
HPRegen 0.06/turn               (no ring)
MPRegen 0.08/turn               (no ring)

@: constricted
A: no striking features
a: Renounce Religion, Depart the Abyss


You were on level 1 of the Dungeon.
You worshipped Lugonu.
Lugonu was aware of your devotion.
You visited 1 branch of the dungeon, and saw 2 of its levels.
You visited the Abyss 1 time.

You collected 26 gold pieces.

Inventory:

Hand Weapons
 a - a +1 mace (weapon)
Armour
 b - a +0 leather armour (worn)
Potions
 c - a potion of degeneration {unknown}
 d - a potion of brilliance {unknown}


   Skills:
 - Level 3.0 Fighting
 + Level 2.3 Maces & Flails
 - Level 1.7 Armour
 - Level 0.8 Dodging
 - Level 2.4 Invocations


You couldn't memorise any spells.
You didn't know any spells.
Your spell library contained the following spells:

 Spells                   Type           Power      Damage    Failure   Level
 Call Canine Familiar     Summ           0%         N/A       80%         3
 Portal Projectile        Hex/Tloc       0%         N/A       80%         3
 Leda's Liquefaction      Hex/Erth       0%         N/A       99%         4


Dungeon Overview and Level Annotations

Branches:
Dungeon (2/15)

Altars:


Message History

The ball python misses you. The ball python barely misses you.
A goblin comes into view. It is wielding a +0 club.
The kobold hits you with a +0 short sword.
You closely miss the ball python.
The goblin shouts!
The ball python barely misses you. The ball python grabs you.
The ball python constricts you. The kobold closely misses you.
The ball python barely misses you. The ball python constricts you.
You sock the ball python!
You kill the ball python!
Lugonu accepts your kill.
The ball python bites you but does no damage.
The ball python grabs you. The ball python constricts you.
The kobold hits you with a +0 short sword.
The ball python bites you but does no damage.
A kobold comes into view. It is wielding a +0 whip.
You escape the ball python's grasp.
The ball python bites you but does no damage.
The ball python grabs you.
You stop descending the stairs.
The ball python constricts you. The kobold barely misses you.
A goblin comes into view. It is wielding a +0 dagger.
The ball python bites you.
Unknown command.
The goblin shouts!
You hit the ball python.
The ball python is severely wounded.
The ball python bites you but does no damage.
The ball python constricts you. The ball python bites you.
The kobold completely misses you.
The ball python bites you but does no damage.
The ball python constricts you.
* * * LOW HITPOINT WARNING * * *
The kobold hits you but does no damage.
The ball python bites you but does no damage.
You closely miss the kobold. The ball python closely misses you.
The ball python constricts you.
* * * LOW HITPOINT WARNING * * *
The ball python bites you but does no damage.
The kobold hits you with a +0 short sword.
You die...

#....?...#
#.....(...
#........#
.........#
.........#
.....?...#
..$...S.K###...
.......@SggKg..
...#########.#.


You could see 3 goblins, 2 ball pythons and 2 kobolds.

Vanquished Creatures
  An endoplasm (D:1)
  2 giant cockroaches (D:1)
  A hobgoblin (D:1)
  A ball python (D:1)
5 creatures vanquished.

Notes
Turn   | Place    | Note
-------+----------+-------------------------------------------
     0 | Abyss:1  | nickcage the Demonspawn Abyssal Knight began the quest for
                  | the Orb.
     0 | Abyss:1  | Reached XP level 1. HP: 18/18 MP: 2/2
    12 | D:1      | Escaped the Abyss
   198 | D:1      | You fall into a shaft and drop 1 floor!
   207 | D:1      | Slain by a kobold

Illustrated notes

Levels and vault maps discovered:
D:1:      mainiacjoe_arrival_reflecting_pool, layout_basic
D:2:      layout_rooms, shapermc_ecumenical_altar_acropolis, uniq_natasha

Skill      XL: |  1 |
---------------+----+-----
Maces & Flails | 2 |  2.3
Fighting       | |  3.0
Armour         | |  1.7
Dodging        | |  0.8
Invocations    | |  2.4

Action                   || total
-------------------------++-------
Melee: Mace              ||    16
Armor: Leather armour    ||    10
Dodge: Dodged            ||    18
